 Dungeon Crawl Stone Soup version 0.28.0-53-g5a82cb258f (webtiles) character file.

Game seed: 15065537615590619193

2030 DocClef the Fighter (level 9, -1/138 HPs)
             Began as a Minotaur Fighter on June 27, 2022.
             Slain by a vampire (7 damage)
             ... on level 6 of the Dungeon.
             The game lasted 00:05:25 (5813 turns).

DocClef the Fighter (Minotaur Fighter)              Turns: 5813, Time: 00:05:25

Health: -1/138     AC: 28    Str: 25    XL:     9   Next: 3%
Magic:  8/8        EV:  2    Int:  5    God:
Gold:   146        SH:  4    Dex:  6    Spells: 8/8 levels left

rFire   . . .      SeeInvis .   t - +0 morningstar
rCold   . . .      Faith    .   c - +0 buckler
rNeg    . . .      Spirit   .   (armour currently unavailable)
rPois   +          Reflect  .   (helmet currently unavailable)
rElec   .          Harm     .   (cloak currently unavailable)
rCorr   .          Rampage  .   (gloves currently unavailable)
Will    +....      NoTele   +   (boots currently unavailable)
Stlth   +.........              (no amulet)
HPRegen 0.33/turn               k - ring of poison resistance
MPRegen 0.11/turn               b - +4 ring of protection

@: mighty, tree-form
A: stationary, stasis, torment immunity, boosted hp, (horns 2), (retaliatory
headbutt), (talons 1), clumsy 2, strong-willed 1
a: no special abilities


You were on level 6 of the Dungeon.
You were a tree.
You visited 1 branch of the dungeon, and saw 6 of its levels.

You collected 146 gold pieces.

Inventory:

Hand Weapons
 a - a +0 flail
 t - a +0 morningstar (weapon)
Armour
 c - a +0 buckler (worn)
 f - a +0 cloak (melded)
 u - a +0 chain mail (melded)
Jewellery
 b - a +4 ring of protection (right branch)
 k - a ring of poison resistance (left branch)
Wands
 v - a wand of iceblast (7)
 x - a wand of flame (12)
Scrolls
 h - 4 scrolls of teleportation {unknown}
 i - 4 scrolls of identify
 j - 3 scrolls of vulnerability {unknown}
 l - 2 scrolls of fear {unknown}
 n - 2 scrolls of holy word {unknown}
 q - 2 scrolls of noise {unknown}
 r - a scroll of torment {unknown}
 s - a scroll of silence {unknown}
 w - a scroll of immolation {unknown}
 y - 2 scrolls of enchant armour {unknown}
Potions
 d - a potion of might
 o - a potion of haste {unknown}
 p - a potion of degeneration {unknown}
 z - a potion of flight {unknown}


   Skills:
 + Level 12.9 Fighting
 + Level 7.0 Maces & Flails
 - Level 3.6 Armour
 - Level 3.6 Shields


You had 8 spell levels left.
You didn't know any spells.
Your spell library contained the following spells:

 Spells                   Type           Power      Damage    Failure   Level
 Animate Skeleton         Necr           0%         N/A       56%         1
 Pain                     Necr           0%         1d4       56%         1
 Vampiric Draining        Necr           0%         2d6       91%         3


Dungeon Overview and Level Annotations

Branches:
Dungeon (6/15)
 Temple: D:4-7

Altars:
Ashenzari
Dithmenos
Hepliaklqana
Nemelex Xobeh
Uskayaw


Innate Abilities, Weirdness & Mutations

You are a tree.
Your roots penetrate the ground, keeping you stationary.
You cannot be teleported.
You are immune to unholy pain and torment.
Your maximum health is greatly increased.
Your equipment is partially melded.
((You have a pair of horns on your head.))
((You reflexively headbutt those who attack you in melee.))
((You have sharp toenails.))
You are very clumsy. (Dex -4)
You are strong-willed. (Will+)


Message History

Something hits you. Something bites you but does no damage.
You hit something but do no damage. Something hits you.
You block something's attack.
You miss something. You block something's attack. Something bites you.
Something draws strength from your injuries!
You miss something. Your headbutt misses something. Something hits you.
* * * LOW HITPOINT WARNING * * *
Something bites you.
* * * LOW HITPOINT WARNING * * *
Something draws strength from your injuries!
You closely miss something. Something hits you but does no damage.
Something bites you!
* * * LOW HITPOINT WARNING * * *
Something draws strength from your injuries!
You hit something but do no damage. Something hits you but does no damage.
Something bites you but does no damage. Something hits you!
* * * LOW HITPOINT WARNING * * *
Something bites you but does no damage.
You bludgeon something!! Something hits you but does no damage.
You block something's attack.
Unknown command.
It was a potion of lignification.
You turn into a tree.
Your +0 cloak melds into your body.
Your +0 chain mail melds into your body.
Your roots penetrate the ground.
Something hits you but does no damage. Something bites you but does no damage.
It was a potion of magic.
Magic courses through your body. Something hits you but does no damage.
Something bites you but does no damage.
It was a potion of mutation.
You feel extremely strange.
You feel strong-willed.
You feel clumsy. x2
Your toenails lengthen and sharpen.
Something hits you but does no damage. Something bites you but does no damage.
You cannot move.
You cannot move.
You cannot move.
You closely miss something. Something draws life force from you!
* * * LOW HITPOINT WARNING * * *
You closely miss something. Something hits you but does no damage.
Something bites you!
You die...

..))....... ....... #........
###...# #...... .# #.####...
......# #.....#.#.# #......
......#######.....#...###.#.#...#
............#.....##... #........
##..........#.....##..#####.###..
............#.....##..##.........
............#......#..##.##.####.
.........g{.####♣#..#.##..#.# #.
........^...# #{#........#.####.
............####g#..#.....#.#....
............#.......#.#...#.####†
..........................#......
....................#.....######.
.................#.......## #.
..##########.###...##....# #. .
#.# #.........# #.


You could see a gnoll.

Vanquished Creatures
  Pikel (D:5)
  Sigmund (D:2)
  An ice beast (D:6)
  A black bear (D:4)
  A sky beast (D:6)
  A necrophage (D:4)
  A phantom (D:4)
  2 scorpions
  A wyvern zombie (D:6)
  A water moccasin skeleton (D:4)
  4 hounds
  2 jellies
  2 orc priests (D:5)
  A gnoll shaman (D:6)
  Jessica (D:3)
  3 iguanas
  5 orc wizards
  2 hound skeletons (D:4)
  A howler monkey zombie (D:5)
  4 gnolls (D:6)
  5 adders
  3 adder skeletons
  An adder zombie (D:4)
  3 worms
  18 orcs
  5 ball pythons
  14 endoplasms
  4 giant cockroaches
  14 goblins
  6 hobgoblins
  A jackal (D:4)
  6 kobolds
  4 quokkas
  8 bats
  A frilled lizard (D:1)
  5 rats
134 creatures vanquished.

Vanquished Creatures (others)
  3 fungi (D:5)
  15 plants (D:6)
18 creatures vanquished.

Grand Total: 152 creatures vanquished

Notes
Turn   | Place    | Note
-------+----------+-------------------------------------------
     0 | D:1      | DocClef the Minotaur Fighter began the quest for the Orb.
     0 | D:1      | Reached XP level 1. HP: 19/19 MP: 0/0
    95 | D:1      | Reached skill level 4 in Fighting
   260 | D:1      | Reached XP level 2. HP: 26/28 MP: 1/1
   473 | D:1      | Reached skill level 5 in Fighting
   613 | D:1      | Reached XP level 3. HP: 36/36 MP: 2/2
  1157 | D:2      | You fall into a shaft and drop 1 floor!
  1349 | D:2      | Found a faded altar of an unknown god.
  1450 | D:2      | Reached XP level 4. HP: 44/44 MP: 3/3
  1454 | D:2      | Noticed Sigmund
  1467 | D:2      | Killed Sigmund
  1468 | D:2      | Reached skill level 7 in Fighting
  1468 | D:2      | Reached XP level 5. HP: 24/53 MP: 4/4
  2042 | D:3      | Noticed Jessica
  2046 | D:3      | Killed Jessica
  2047 | D:3      | Reached skill level 8 in Fighting
  2250 | D:3      | Reached XP level 6. HP: 61/61 MP: 5/5
  2978 | D:3      | Found a large runed translucent door.
  2979 | D:3      | Found a large runed translucent door.
  3017 | D:3      | Found a hide-covered altar of Uskayaw.
  3025 | D:3      | Found a hazy altar of Hepliaklqana.
  3508 | D:4      | Reached skill level 9 in Fighting
  3565 | D:4      | Reached XP level 7. HP: 60/71 MP: 6/6
  3637 | D:4      | Reached skill level 10 in Fighting
  3799 | D:4      | Found a sparkling altar of Nemelex Xobeh.
  4043 | D:5      | Entered Level 5 of the Dungeon
  4043 | D:5      | Found a broken altar of Ashenzari.
  4073 | D:5      | Reached skill level 11 in Fighting
  4232 | D:5      | Noticed Pikel
  4249 | D:5      | Killed Pikel
  4250 | D:5      | Reached skill level 12 in Fighting
  4250 | D:5      | Reached XP level 8. HP: 48/83 MP: 7/7
  4638 | D:5      | Reached skill level 5 in Maces & Flails
  4777 | D:5      | Found a shadowy altar of Dithmenos.
  5571 | D:6      | Reached XP level 9. HP: 46/92 MP: 8/8
  5811 | D:6      | Gained mutation: You are strong-willed. (Will+) [potion of
                  | mutation]
  5811 | D:6      | Gained mutation: You are clumsy. (Dex -2) [potion of
                  | mutation]
  5811 | D:6      | Gained mutation: You are very clumsy. (Dex -4) [potion of
                  | mutation]
  5811 | D:6      | Gained mutation: You have sharp toenails. [potion of
                  | mutation]
  5812 | D:6      | HP: 5/138 [something (8)]
  5813 | D:6      | Slain by a vampire

Illustrated notes

Levels and vault maps discovered:
D:1:      dpeg_arrival_rhombus, layout_basic, minmay_door_square
D:2:      layout_basic, ebering_ecumenical_altar_mist, uniq_sigmund
D:3:      kennysheep_the_goblin_king, layout_loops_ring, jmf_multi_god_temple2,
          kennysheep_another_room, uniq_jessica
D:4:      cheibrodos_barr_body, layout_loops_ring, nemelex_spade_bored_becter
D:5:      layout_gridville, ashenzari_altar_1, mainiacjoe_overflow_boulevard,
          uniq_pikel
D:6:      layout_basic, minmay_temple_entry_statues, nicolae_grassy_gnolls

Skill      XL: |  1  2  3  4  5  6  7  8  9 |
---------------+----------------------------+-----
Fighting       | 4 5 7 8 9 12 | 12.9
Maces & Flails | 4 6 7 |  7.0
Armour         | |  3.6
Shields        | |  3.6

Action                   |  1- 3 |  4- 6 |  7- 9 || total
-------------------------+-------+-------+-------++-------
Melee: Flail             |    88 |    79 |       ||   167
       Headbutt          |     9 |    27 |    28 ||    64
       Morningstar       |       |    47 |   176 ||   223
  Use: Scroll            |     1 |       |       ||     1
       Potion            |       |       |     4 ||     4
Armor: Scale mail        |    40 |    45 |       ||    85
       Chain mail        |       |    29 |   124 ||   153
       Skin              |       |       |     7 ||     7
Dodge: Dodged            |    35 |    33 |    60 ||   128
Block: Buckler           |    20 |    18 |    41 ||    79
